 Dungeon Crawl Stone Soup version 0.23-a0-309-ge7838e6 (webtiles) character file.

27051 Zenkrye the Severer (level 13, -9/124 HPs)
             Began as a Hill Orc Skald on Oct 11, 2018.
             Was an Elder of Sif Muna.
             Mangled by a skeletal warrior
             ... wielding a +0 long sword
             ... led by a skeletal warrior
              (21 damage)
             ... on level 10 of the Dungeon.
             The game lasted 00:59:49 (13446 turns).

Zenkrye the Severer (Hill Orc Skald)               Turns: 13446, Time: 00:59:50

Health: -9/124     AC: 18    Str: 16    XL:     13   Next: 29%
Magic:  14/17      EV: 13    Int: 16    God:    Sif Muna [****..]
Gold:   319        SH: 10    Dex: 13    Spells: 11/18 levels left

rFire    . . .     SeeInvis +   v - +5 war axe (chop)
rCold    . . .     Gourm    .   V - +1 buckler {reflect}
rNeg     + . .     Faith    .   R - +0 swamp dragon scales
rPois    +         Spirit   .   P - +0 helmet
rElec    .         Reflect  +   E - +2 cloak
rCorr    .         Harm     .   X - +1 pair of gloves "Qymawk" {Slay+5}
MR       .....                  p - +0 pair of boots
Stlth    ++........             J - amulet of the acrobat
HPRegen  1.30/turn              S - ring "Appular" {rN+ SInv}
MPRegen  0.15/turn              Q - ring of Seleloni {Wiz Dex+3 Stlth+}

@: singing, regenerating, studying Throwing
A: icy blue scales 1, large bone plates 1, poison resistance
a: Divine Energy, Channel Magic, Forget Spell, Renounce Religion


You were on level 10 of the Dungeon.
You worshipped Sif Muna.
Sif Muna was greatly pleased with you.
You were not hungry.

You visited 4 branches of the dungeon, and saw 17 of its levels.
You also visited: Labyrinth.

You collected 1502 gold pieces.
You spent 1183 gold pieces at shops.

Inventory:

Hand Weapons
 v - a +5 war axe of chopping (weapon)
Missiles
 u - 26 tomahawks
 L - 16 javelins of returning (quivered)
 Z - 2 throwing nets {!f}
Armour
 p - a +0 pair of boots (worn)
 E - a +2 cloak (worn)
 P - a +0 helmet (worn)
 R - +0 swamp dragon scales (worn)
 V - a +1 buckler of reflection (worn)
 X - the +1 pair of gloves "Qymawk" (worn) {Slay+5}
   (You bought it in a shop on level 8 of the Dungeon)

   It affects your accuracy and damage with ranged weapons and melee attacks
   (+5).
Magical Staves
 W - an uncursed staff of wizardry
Jewellery
 e - an uncursed ring of wizardry
 x - an uncursed ring of ice
 J - an amulet of the acrobat (around neck)
 Q - the ring of Seleloni (right hand) {Wiz Dex+3 Stlth+}
   (You took it off a minotaur in a labyrinth)

   [ring of wizardry]

   It improves your spell success rate.
   It affects your dexterity (+3).
   It makes you more stealthy.
 S - the ring "Appular" (left hand) {rN+ SInv}
   (You acquired it on level 1 of the Orcish Mines)

   [ring of see invisible]

   It protects you from negative energy.
   It lets you see invisible.
Wands
 D - a wand of acid (11)
 H - a wand of disintegration (9)
 O - a wand of enslavement (16)
 U - a wand of flame (36)
 Y - a wand of paralysis (32)
Scrolls
 i - 14 scrolls of identify
 r - 2 scrolls of immolation
 w - a scroll of fear
 C - 19 scrolls of remove curse
 F - 3 scrolls of fog
 G - 3 scrolls of enchant weapon
 K - 4 scrolls of amnesia
 M - 3 scrolls of magic mapping
 N - a scroll of random uselessness {unknown}
 T - 3 scrolls of teleportation
Potions
 g - 11 potions of curing
 j - a potion of agility
 m - 2 potions of magic
 z - a potion of resistance
 B - 2 potions of cancellation
Books
 y - a manual of Throwing
Comestibles
 d - 17 rations
 A - 15 chunks of flesh


   Skills:
 + Level 14.1 Fighting
 - Level 16.0 Axes
 + Level 5.6 Throwing
 - Level 5.0 Armour
 - Level 5.0 Dodging
 - Level 5.0 Shields
 - Level 3.0 Spellcasting
 - Level 8.0 Charms
 - Level 3.1 Necromancy


You had 11 spell levels left.
You knew the following spells:

 Your Spells              Type           Power        Failure   Level  Hunger
b - Song of Slaying       Chrm           ####....     1%          2    ##.....
c - Shroud of Golubria    Chrm/Tloc      ###.......   4%          2    ##.....
r - Regeneration          Chrm/Necr      ###.......   4%          3    ###....

Your spell library contained the following spells:

 Spells                   Type           Power        Failure   Level  Hunger
 Infusion                 Chrm           ####         1%          1    #......
 Animate Skeleton         Necr           N/A          4%          1    #......
 Pain                     Necr           ##..         4%          1    #......
 Spectral Weapon          Hex/Chrm       ###.....     8%          3    ###....
 Vampiric Draining        Necr           ##........   12%         3    ###....
 Magic Dart               Conj           #...         13%         1    #......
 Sandblast                Erth           #.....       13%         1    #......
 Passwall                 Tmut/Erth      #.......     21%         2    ##.....
 Searing Ray              Conj           #.....       21%         2    ##.....
 Animate Dead             Necr           N/A          34%         4    #####..
 Dazzling Spray           Conj/Hex       #.....       36%         3    ###....
 Stone Arrow              Conj/Erth      #.....       36%         3    ###....
 Force Lance              Conj/Tloc      #.......     75%         4    #####..
 Fulminant Prism          Conj/Hex       #.........   75%         4    #####..
 Iskenderun's Mystic Bla  Conj           #.......     75%         4    #####..
 Petrify                  Tmut/Erth      #.......     75%         4    #####..
 Irradiate                Conj/Tmut      #.........   97%         5    ######.
 Lee's Rapid Deconstruct  Erth           #.........   97%         5    ######.
 Hydra Form               Tmut           #.........   100%        6    #######
 Statue Form              Tmut/Erth      #........    100%        6    #######
 Dragon Form              Tmut           #.........   100%        7    #######


Dungeon Overview and Level Annotations

Branches:
Dungeon (11/15)            Temple (1/1) D:5            Lair (3/6) D:10
  Snake (0/4) Lair:2          Orc (2/2) D:10            Elf (0/3) Orc:2
  Swamp: Lair:2-4    Shoals: Lair:2-4

Altars:
Ashenzari
Cheibriados
Dithmenos
Elyvilon
Fedhas
Gozag
Hepliaklqana
Kikubaaqudgha
Makhleb
Nemelex Xobeh
Okawaru
Qazlal
Ru
Sif Muna
Trog
Uskayaw
Vehumet
Wu Jian
Xom
Yredelemnul
Zin
The Shining One
Beogh

Shops:
D:8 *   D:10 (([   Orc:2 [(

Annotations:
D:3 3 runed doors, handsome's ghost, amateur OpVM
Lair:1 exclusion: oklob plant
Orc:2 Saint Roka


Innate Abilities, Weirdness & Mutations

You are partially covered in icy blue scales. (AC +2)
You are partially covered in large bone plates. (SH +4)
Your system is resistant to poisons. (rPois)


Message History

Casting: Song of Slaying (safe; 1% risk of failure)
Confirm with . or Enter, or press ? or * to list all spells.
Space distorts slightly along a thin shroud covering your body.
The skeletal warrior hits you with an enchanted trident!
Casting: Shroud of Golubria (safe; 4% risk of failure)
Confirm with . or Enter, or press ? or * to list all spells.
You start singing a song of slaying.
You block the bullfrog zombie's attack.
A skeletal warrior comes into view. It is wielding a long sword.
The skeletal warrior barely misses you.
You hit the skeletal warrior but do no damage.
The skeletal warrior is lightly damaged.
You slash the bullfrog zombie!
The bullfrog zombie completely misses you.
A skeletal warrior comes into view. It is wielding a hand axe.
You slice the bullfrog zombie!!
You destroy the bullfrog zombie!
Sif Muna accepts your kill.
You hit the skeletal warrior but do no damage.
Your shroud bends the skeletal warrior's attack away!!
You hit the skeletal warrior but do no damage.
The skeletal warrior is lightly damaged.
You slash the skeletal warrior!
The skeletal warrior is moderately damaged.
You hit the skeletal warrior but do no damage.
The skeletal warrior hits you with an enchanted trident!
Your shroud falls apart!
You block the skeletal warrior's attack.
You hit the skeletal warrior.
The skeletal warrior is heavily damaged.
You slash the skeletal warrior! You slash the centaur skeleton!
The centaur skeleton hits you but does no damage.
The skeletal warrior hits you with an enchanted trident!
A skeletal warrior comes into view. It is wielding a trident.
You slice the centaur skeleton!!
You destroy the centaur skeleton!
Sif Muna accepts your kill.
You slash the skeletal warrior! You barely miss the skeletal warrior.
You block the skeletal warrior's attack.
You barely miss the skeletal warrior.
The skeletal warrior is heavily damaged.
You hit the skeletal warrior but do no damage.
You block the skeletal warrior's attack.
You hit the skeletal warrior but do no damage.
The skeletal warrior is heavily damaged.
You hit the skeletal warrior but do no damage.
You closely miss the skeletal warrior.
The skeletal warrior hits you with an enchanted trident!
You block the skeletal warrior's attack.
You slice the skeletal warrior!!
The skeletal warrior is almost destroyed.
You hit the skeletal warrior but do no damage. x2
The skeletal warrior barely misses you.
Unknown command.
You block the skeletal warrior's attack.
The skeletal warrior hits you from afar with an enchanted trident!
You hear a shout!
There is a stone staircase leading up here.
You block the skeletal warrior's attack.
The skeletal warrior hits you from afar with an enchanted trident!
You climb upwards.
There is a stone staircase leading down here.
You are too injured to fight recklessly!
You are too injured to fight recklessly!
You are too injured to fight recklessly!
Casting: Song of Slaying (safe; 1% risk of failure)
Confirm with . or Enter, or press ? or * to list all spells.
Your skin crawls.
The skeletal warrior hits you but does no damage.
The skeletal warrior hits you with a long sword!
* * * LOW HITPOINT WARNING * * *
Unknown command.
You hit the skeletal warrior but do no damage. x2
You block the skeletal warrior's attack.
The skeletal warrior hits you with a long sword!
* * * LOW HITPOINT WARNING * * *
You slash the skeletal warrior!
The skeletal warrior is moderately damaged.
You slash the skeletal warrior! You slash the skeletal warrior!
The skeletal warrior is severely damaged.
You hit the skeletal warrior but do no damage.
You block the skeletal warrior's attack. x2
Okay, then.
Okay, then.
Unknown command.
You slash the skeletal warrior!
The skeletal warrior is almost destroyed.
You hit the skeletal warrior.
You block the skeletal warrior's attack.
You hit the skeletal warrior but do no damage.
The skeletal warrior is almost destroyed.
You hit the skeletal warrior but do no damage.
The skeletal warrior hits you with a long sword!
* * * LOW HITPOINT WARNING * * *
You slash the skeletal warrior!
The skeletal warrior is almost destroyed.
You hit the skeletal warrior.
The skeletal warrior hits you but does no damage.
The skeletal warrior hits you with a long sword!!
You die...

≈≈≈≈..(.## #.##########......#.
.≈≈≈...(.#####.##########........
.≈≈≈.#.#.......##.........##.....
.......#(......##.≈.....≈......##
.....###((.....##...≈≈≈≈.........
....## #..)∩...##..≈≈≈≈≈.........
#'######.......##..≈≈≈≈≈≈........
...........>...##..≈≈≈≈≈.........
................@z..≈≈≈..........
...........∩...z.).≈.≈≈..........
.................................
......................##.........
................#########........
################# #########


You could see 2 skeletal warriors.

Vanquished Creatures
  A minotaur (Lab)
  Fannar (Orc:1)
  A two-headed ogre (D:10)
  An unseen horror (D:10)
  4 orc knights
  2 orc sorcerers (Orc:2)
  A black mamba (Lair:1)
  6 spiny frogs
  A komodo dragon (Lair:2)
  2 polar bears (D:10)
  3 trolls
  A hornet (D:10)
  7 hippogriffs
  4 blink frogs (Lair:2)
  2 wyverns
  A redback (Lab)
  A wraith (D:10)
  27 yaks
  3 hogs (D:9)
  A human (D:9)
  3 hungry ghosts
  A basilisk (Lair:1)
  4 wargs
  2 nagas (Lair:2)
  5 water moccasins
  5 porcupines
  3 black bears
  30 orc warriors
  4 ice beasts
  A sky beast (D:7)
  A necrophage (D:6)
  3 wolves (D:10)
  9 ogres
  5 phantoms
  5 crocodiles
  3 big kobolds
  17 bullfrogs
  A wyvern skeleton (D:9)
  A scorpion (D:8)
  3 howler monkeys
  2 electric eels (Lair:1)
  3 crimson imps
  4 jellies (D:9)
  2 bullfrog zombies
  4 hounds
  13 orc priests
  16 orc wizards
  A centaur skeleton (D:11)
  3 iguanas
  Terence (D:3)
  4 worker ants
  A centaur simulacrum (D:10)
  A hound skeleton (D:10)
  4 gnolls (D:8)
  9 adders
  A howler monkey skeleton (D:10)
  3 shadow imps
  2 white imps (D:10)
  An ufetubus (D:10)
  An ooze (D:2)
  3 adder skeletons
  A worm (D:3)
  2 dart slugs (D:1)
  9 leopard geckos
  75 orcs
  2 giant cockroaches (D:6)
  3 goblins
  7 hobgoblins
  12 jackals
  20 kobolds
  5 quokkas
  A ball python (D:6)
  3 bats
  4 frilled lizards
  A leopard gecko skeleton (D:6)
  A quokka skeleton (D:4)
  2 rats
  2 fungi
  2 plants (Lair:1)
407 creatures vanquished.

Vanquished Creatures (others)
  A cyclops (D:11)
  An orc wizard (Orc:2)
  A plant (Lair:1)
3 creatures vanquished.

Grand Total: 410 creatures vanquished

Notes
Turn   | Place    | Note
-------+----------+-------------------------------------------
     0 | D:1      | Zenkrye the Hill Orc Skald began the quest for the Orb.
     0 | D:1      | Reached XP level 1. HP: 18/18 MP: 3/3
    26 | D:1      | Reached skill level 3 in Axes
    47 | D:1      | Reached XP level 2. HP: 24/25 MP: 4/4
   664 | D:2      | Reached XP level 3. HP: 30/30 MP: 5/5
   715 | D:2      | Found a glowing golden altar of the Shining One.
   950 | D:2      | Reached skill level 4 in Axes
  1320 | D:2      | Found a sacrificial altar of Ru.
  1421 | D:2      | Found a glowing silver altar of Zin.
  1471 | D:2      | Reached XP level 4. HP: 37/37 MP: 3/6
  1478 | D:2      | Learned a level 2 spell: Song of Slaying
  1482 | D:2      | Learned a level 3 spell: Regeneration
  1730 | D:3      | Found a runed gate.
  1730 | D:3      | Found a runed gate.
  1730 | D:3      | Found a runed gate.
  1940 | D:3      | Noticed Terence
  2219 | D:4      | Reached XP level 5. HP: 16/42 MP: 0/8
  2225 | D:4      | Reached skill level 5 in Axes
  2420 | D:4      | Learned a level 2 spell: Shroud of Golubria
  2448 | D:4      | Got an iridescent hand axe
  2449 | D:4      | Identified the +5 hand axe of Homerrokh {drain, +Rage rF+++
                  | Str-4 Int+3} (You found it on level 4 of the Dungeon)
  2742 | D:3      | Killed Terence
  2751 | D:3      | Noticed handsome's ghost (amateur OpVM)
  3182 | D:4      | Found a white marble altar of Elyvilon.
  3183 | D:4      | Found an ornate altar of the Wu Jian Council.
  3392 | D:5      | Entered Level 5 of the Dungeon
  3453 | D:5      | Noticed a water moccasin
  3495 | D:5      | Found a staircase to the Ecumenical Temple.
  3505 | Temple   | Entered the Ecumenical Temple
  3510 | Temple   | Became a worshipper of Sif Muna the Loreminder
  3639 | D:5      | Found a white marble altar of Elyvilon.
  3668 | D:5      | Reached XP level 6. HP: 45/50 MP: 9/9
  4048 | D:6      | Noticed a phantom
  4064 | D:6      | Reached skill level 6 in Axes
  4064 | D:6      | Reached XP level 7. HP: 52/56 MP: 4/11
  4090 | D:6      | Reached skill level 5 in Charms
  4221 | D:6      | Found a stormy altar of Qazlal.
  4264 | D:6      | Reached skill level 7 in Axes
  4264 | D:6      | Reached skill level 1 in Necromancy
  4278 | D:6      | Reached * piety under Sif Muna
  4279 | D:6      | Found a blossoming altar of Fedhas.
  4527 | D:7      | Found an iron altar of Okawaru.
  4565 | D:7      | Reached skill level 1 in Shields
  4602 | D:7      | Reached XP level 8. HP: 45/62 MP: 7/12
  4631 | D:7      | Reached skill level 8 in Axes
  4830 | D:7      | Reached skill level 9 in Axes
  5105 | D:7      | Found an iron altar of Okawaru.
  5115 | D:7      | Reached skill level 5 in Shields
  5197 | D:7      | Reached XP level 9. HP: 41/68 MP: 11/13
  5198 | D:7      | Reached skill level 10 in Axes
  5564 | D:8      | Found Muiteisu's General Store.
  5695 | D:8      | Found a bloodstained altar of Trog.
  5707 | D:8      | Reached skill level 11 in Axes
  5835 | D:8      | Bought the +1 pair of gloves "Qymawk" {Slay+5} for 525 gold
                  | pieces
  5910 | D:8      | Reached skill level 5 in Fighting
  5910 | D:8      | Reached skill level 12 in Axes
  6106 | D:8      | Noticed a two-headed ogre
  6237 | D:8      | Reached XP level 10. HP: 77/86 MP: 11/14
  6797 | D:9      | Reached ** piety under Sif Muna
  7083 | D:9      | Reached skill level 10 in Fighting
  7252 | D:9      | Found a shattered altar of Ashenzari.
  7427 | D:9      | Reached XP level 11. HP: 92/101 MP: 11/15
  7557 | D:9      | Gained mutation: You are frail. (-10% HP) [potion of
                  | mutation]
  7557 | D:9      | Gained mutation: You are partially covered in icy blue
                  | scales. (AC +2) [potion of mutation]
  7557 | D:9      | Gained mutation: You are dopey. (Int -2) [potion of
                  | mutation]
  7557 | D:9      | Gained mutation: You have sharp toenails. [potion of
                  | mutation]
  7595 | D:10     | Entered Level 10 of the Dungeon
  7657 | D:10     | Found Aggei's Antique Weapon Shop.
  7737 | D:10     | Reached *** piety under Sif Muna
  7913 | D:10     | Noticed an orc knight
  7920 | D:10     | Found Meotarosi's Armour Shop.
  7920 | D:10     | Found a staircase to the Orcish Mines.
  7922 | D:10     | Found Koja's Weapon Shop.
  8220 | D:10     | Noticed a two-headed ogre
  8231 | D:10     | Killed a two-headed ogre
  8231 | D:10     | Reached skill level 13 in Axes
  8409 | D:10     | Found a staircase to the Lair.
  8432 | D:10     | Killed an orc knight
  8499 | D:10     | Reached skill level 5 in Armour
  8631 | D:10     | Killed an unseen horror
  8765 | Lair:1   | Entered Level 1 of the Lair of Beasts
  9058 | Lair:1   | Noticed an oklob plant
  9138 | Lair:1   | Reached skill level 14 in Axes
  9150 | Lair:1   | Reached XP level 12. HP: 74/100 MP: 16/16
  9855 | Lair:2   | Found a labyrinth entrance.
  9880 | Lab      | Entered a labyrinth
 10681 | Lab      | Noticed a minotaur
 10688 | Lab      | Killed a minotaur
 10690 | Lab      | Got a flickering lapis lazuli ring
 10694 | Lab      | Identified the ring of Seleloni {Wiz Dex+3 Stlth+} (You
                  | took it off a minotaur in a labyrinth)
 10946 | Lair:2   | Lost mutation: You are dopey. (Int -2) [potion of mutation]
 10946 | Lair:2   | Lost mutation: You are frail. (-10% HP) [potion of
                  | mutation]
 10946 | Lair:2   | Lost mutation: You have sharp toenails. [potion of
                  | mutation]
 10946 | Lair:2   | Gained mutation: You are partially covered in large bone
                  | plates. (SH +4) [potion of mutation]
 10946 | Lair:2   | Gained mutation: Your system is resistant to poisons.
                  | (rPois) [potion of mutation]
 11013 | Lair:2   | Found a staircase to the Snake Pit.
 11397 | Lair:3   | Reached skill level 15 in Axes
 11527 | Lair:3   | Reached **** piety under Sif Muna
 11593 | Lair:3   | Noticed a four-headed hydra
 11667 | Orc:1    | Entered Level 1 of the Orcish Mines
 11714 | Orc:1    | Noticed Fannar
 11729 | Orc:1    | Killed Fannar
 11729 | Orc:1    | Reached skill level 1 in Throwing
 12056 | Orc:1    | Identified a scroll of acquirement
 12057 | Orc:1    | Got a warped tin ring
 12058 | Orc:1    | Identified the ring "Appular" {rN+ SInv} (You acquired it
                  | on level 1 of the Orcish Mines)
 12095 | Orc:2    | Entered Level 2 of the Orcish Mines
 12109 | Orc:2    | Found a staircase to the Elven Halls.
 12312 | Orc:1    | Reached XP level 13. HP: 122/123 MP: 13/17
 12443 | Orc:2    | Found a roughly hewn altar of Beogh.
 12452 | Orc:2    | Found Acziwn's Antique Armour Shop.
 12631 | Orc:2    | Found a roughly hewn altar of Beogh.
 12645 | Orc:2    | Found a roughly hewn altar of Beogh.
 12649 | Orc:2    | Reached skill level 5 in Dodging
 12695 | Orc:2    | Found a roughly hewn altar of Beogh.
 12862 | Orc:2    | Found a roughly hewn altar of Beogh.
 12881 | Orc:2    | Found Veckep's Antique Weapon Shop.
 12947 | Orc:2    | Found a roughly hewn altar of Beogh.
 13027 | Orc:2    | Reached skill level 5 in Throwing
 13031 | Orc:2    | Reached skill level 16 in Axes
 13264 | Orc:2    | Noticed Saint Roka
 13313 | D:10     | Bought a +5 war axe of chopping for 483 gold pieces
 13322 | D:10     | Bought a +1 buckler of reflection for 175 gold pieces
 13446 | D:10     | Mangled by a skeletal warrior

Vault maps used:
D:1:      dpeg_arrival_rooms_c, serial_curves, eino_curves_01, eino_curves_04
D:2:      nicolae_ru_path_of_blood, lemuel_coloured_pillars_altar,
          tso_oasis_becter
D:3:      serial_curves, eino_curves_03, eino_curves_01, gammafunk_ghost_icy,
          uniq_terence
D:4:      grunt_temple_overflow_open, first_ration
D:5:      minmay_temple_entry_glass, elyvilon_altar_5
D:6:      fedhas_altar_2, grunt_qazlal_clouds
D:7:      okawaru_metal_pillars_1_2, basic_altar
D:8:      trog_ov_bears_minmay, serial_shops, shop
D:9:      grunt_livestock, ashenzari_altar_1
D:10:     lair_entry_dummy, orc_david_3, serial_ice, serial_ice_h, serial_ice_o,
          serial_ice_i, serial_ice_c, serial_ice_d, serial_ice_f, serial_ice_b,
          serial_shops, shop, palyth_stone_intersect, amethyst_killhole
D:11:     serial_shops, shop, nicolae_shop_waterfront, nicolae_shop_trees
Temple:   cyrus_circular_temple
Lair:1:   serial_bayou_shore_a, minmay_lair_oklob_chamber, grunt_megastairs_4,
          infiniplex_staircase_pool
Lair:2:   guppyfry_snake_entry_island, lab_entry_generic, hibernation_bobbens
Lair:3:   minmay_swamp_entry_worms, minmay_stone_trees_medium,
          grunt_forest_stairs_basic, cheibrodos_lair_caveside_slide,
          st_stairs_6, beast_lair_carwin_1, grunt_megastairs_5
Orc:1:    serial_shops, shop, uniq_fannar
Orc:2:    grunt_orc_community_town_hall, grunt_orc_community_big_house_1,
          grunt_orc_community_big_house_2, grunt_orc_community_house_2,
          grunt_orc_community_house_2, grunt_orc_community_house_1,
          grunt_orc_community_house_3, grunt_orc_community_house_1, basic_altar
Lab:      labyrinth_watery, nicolae_lab_diamond, lab_statue

Skill      XL: |  1  2  3  4  5  6  7  8  9 10 11 12 13 |
---------------+----------------------------------------+-----
Axes           | 3 4 5 6 7 9 12 14 15 16 | 16.0
Charms         | 3 4 5 6 8 |  8.0
Spellcasting   | 2 3 |  3.0
Necromancy     | 2 3 |  3.1
Shields        | 1 5 |  5.0
Fighting       | 7 10 12 13 14 | 14.1
Armour         | 2 5 |  5.0
Dodging        | 4 5 |  5.0
Throwing       | 3 5 |  5.6

Action                   |  1- 3 |  4- 6 |  7- 9 | 10-12 | 13-15 || total
-------------------------+-------+-------+-------+-------+-------++-------
Melee: Hand axe          |    94 |   100 |   241 |   442 |       ||   877
       Battleaxe         |       |    63 |    10 |       |       ||    73
       War axe           |       |       |       |   142 |   172 ||   314
Throw: Tomahawk          |     1 |       |     2 |     4 |       ||     7
 Cast: Infusion          |     3 |     6 |     8 |       |       ||    17
       Song of Slaying   |       |     3 |     3 |    21 |    12 ||    39
       Shroud of Golubri |       |     5 |    13 |    42 |    13 ||    73
       Regeneration      |       |       |     2 |    31 |    15 ||    48
Evoke: Wand              |       |       |       |     2 |       ||     2
  Use: Scroll            |       |       |       |    18 |     1 ||    19
       Potion            |       |       |       |    18 |       ||    18
 Stab: Sleeping          |       |       |       |     1 |       ||     1
  Eat: Chunk             |     2 |     5 |    11 |    21 |     8 ||    47
       Ration            |       |     1 |       |     2 |       ||     3
Armor: Chain mail        |    48 |       |       |       |       ||    48
       Leather armour    |    12 |       |       |       |       ||    12
       Ring mail         |     2 |    80 |    83 |    70 |       ||   235
       Swamp dragon scal |       |       |       |   121 |    29 ||   150
Dodge: Dodged            |    53 |    82 |   103 |   262 |    54 ||   554
Block: Buckler           |       |       |    38 |   130 |    63 ||   231
       Reflection        |       |       |       |       |     2 ||     2

Table legend:
 A = Non-vault XP
 B = Vault XP
 C = Vault XP percentage of total XP
 D = Non-vault monster count
 E = Vault monster count
 F = Vault count percentage of total count
                 A         B        C        D         E       F
            +---------+---------+-------+---------+---------+-------
      Total |   25834 |   12811 |  33.2 |     305 |      99 |  24.5
            +---------+---------+-------+---------+---------+-------
        D:1 |      29 |       0 |   0.0 |      15 |       0 |   0.0
        D:2 |      54 |       0 |   0.0 |      15 |       0 |   0.0
        D:3 |      59 |      36 |  37.9 |      14 |       1 |   6.7
        D:4 |      90 |       0 |   0.0 |       6 |       0 |   0.0
        D:5 |     249 |       0 |   0.0 |      10 |       0 |   0.0
        D:6 |     453 |       0 |   0.0 |      20 |       0 |   0.0
        D:7 |    1894 |       0 |   0.0 |      36 |       0 |   0.0
        D:8 |    2486 |     261 |   9.5 |      32 |       2 |   5.9
        D:9 |    2858 |    1001 |  25.9 |      33 |       5 |  13.2
       D:10 |    3629 |    2362 |  39.4 |      23 |      17 |  42.5
       D:11 |     794 |       0 |   0.0 |      11 |       0 |   0.0
     Lair:1 |    3482 |     823 |  19.1 |      18 |       4 |  18.2
     Lair:2 |    3141 |     310 |   9.0 |      13 |       2 |  13.3
     Lair:3 |    1829 |    1591 |  46.5 |      10 |      10 |  50.0
      Orc:1 |    2650 |     989 |  27.2 |      27 |       2 |   6.9
      Orc:2 |    2137 |    3692 |  63.3 |      22 |      52 |  70.3
        Lab |       0 |    1746 | 100.0 |       0 |       4 | 100.0
            +---------+---------+-------+---------+---------+-------
